 Dungeon Crawl Stone Soup version 0.28.0-53-g5a82cb258f (webtiles) character file.

Game seed: 12062437026903290330

215 PentaManta the Ruffian (level 5, -3/36 HPs)
             Began as an Octopode Fighter on June 15, 2022.
             Killed from afar by Ijyb (34 damage)
             ... with a bolt of acid
             ... on level 3 of the Dungeon.
             The game lasted 00:04:12 (3418 turns).

PentaManta the Ruffian (Octopode Fighter)           Turns: 3418, Time: 00:04:12

Health: -3/36      AC:  1    Str: 15    XL:     5   Next: 92%
Magic:  5/5        EV: 13    Int: 13    God:
Gold:   99         SH:  4    Dex: 11    Spells: 4/4 levels left

rFire   . . .      SeeInvis .     - Unarmed
rCold   . . .      Faith    .   a - +0 buckler
rNeg    . . .      Spirit   .   (helmet restricted)
rPois   .          Reflect  .   (no amulet)
rElec   .          Harm     .   (no ring)
rCorr   .          Rampage  .   (no ring)
Will    .....                   (no ring)
Stlth   +++.......              (no ring)
HPRegen 0.12/turn               (no ring)
MPRegen 0.09/turn               (no ring)
                                (no ring)
                                (no ring)

@: no status effects
A: almost no armour, amphibious, 8 rings, camouflage 1, gelatinous body 1,
nimble swimmer 1, tentacles
a: no special abilities


You were on level 3 of the Dungeon.
You visited 1 branch of the dungeon, and saw 4 of its levels.

You collected 99 gold pieces.

Inventory:

Hand Weapons
 j - a +4 dagger of flaming
Missiles
 g - 5 poisoned darts (quivered)
Armour
 a - a +0 buckler (worn)
Jewellery
 e - a ring of fire
Scrolls
 d - 4 scrolls of identify {unknown}
 f - 2 scrolls of holy word {unknown}
Potions
 b - a potion of might
 c - a potion of lignification {unknown}
 h - a potion of haste {unknown}
 i - a potion of ambrosia {unknown}


   Skills:
 - Level 3.0 Fighting
 - Level 3.0 Dodging
 - Level 3.0 Shields
 + Level 6.0 Unarmed Combat


You had 4 spell levels left.
You didn't know any spells.
Your spell library contained the following spells:

 Spells                   Type           Power      Damage    Failure   Level
 Foxfire                  Conj/Fire      0%         2x1d4     38%         1
 Conjure Flame            Conj/Fire      0%         6-21      77%         3
 Inner Flame              Hex/Fire       0%         N/A       77%         3
 Flame Wave               Conj/Fire      0%         2d4       99%         4


Dungeon Overview and Level Annotations

Branches:
Dungeon (4/15)
 Temple: D:4-7

Altars:

Annotations:
D:3 Ijyb


Innate Abilities, Weirdness & Mutations

You cannot wear most types of armour.
You are amphibious.
You can wear up to eight rings at the same time.
Your skin changes colour to match your surroundings (Stealth+).
Your rubbery body absorbs attacks. (AC +1, EV +1)
You are camouflaged when in or above water. (Stealth+)
You have tentacles for arms and can constrict up to eight enemies at once.


Message History

You see here a +0 club.
Things that are here:
a +0 ring mail; a +0 whip
Things that are here:
a +0 ring mail; a +0 dagger You see here a +0 spear.
You see here a +0 spear.
The gnoll shouts!
You hear a shout! x2
The orc shouts!
A rat comes into view.
A rat is nearby!
A rat is nearby!
A jackal comes into view.
There are monsters nearby!
The jackal barks!
You tentacle-slap the rat.
You kill the rat!
The jackal bites you. The jackal misses you.
You tentacle-slap the jackal. Your grab misses the jackal.
Your squeeze misses the jackal.
The jackal is almost dead.
The jackal bites you.
You bludgeon the jackal!
You kill the jackal!
Your Unarmed Combat skill increases to level 6!
No target in view!
HP restored.
The gnoll shouts!
A hound comes into view.
A hound is nearby!
Ijyb the Twisted Goblin comes into view.
She is wielding a +2 spectral club and carrying a wand of acid (13).
A hound comes into view.
The helpless Ijyb fails to defend herself.
You tentacle-slap Ijyb but do no damage.
You grab Ijyb. You constrict Ijyb, but do no damage.
Ijyb hits you with a +2 spectral club.
You completely miss Ijyb. You constrict Ijyb, but do no damage.
Ijyb zaps a wand.
The bolt of acid hits you!!
Ouch! That really hurt!
You die...

#.≈≈≈†...#.###
#.≈≈≈....#....
#.≈≈≈....#####
#.≈≈≈..P.#
#.≈≈≈....#
#+###≈≈....#
#########...#≈≈P...#
.....h.g#og.#≈≈....#
≈h≈≈≈≈≈@#####≈≈....#
≈≈≈≈≈≈≈≈≈≈≈≈≈≈≈....#
≈≈≈≈≈≈≈≈≈≈≈≈≈≈≈....#
P.............P....#
..P................#
####################


You could see Ijyb and 2 hounds.

Vanquished Creatures
  Robin (D:3)
  6 gnolls (D:3)
  5 adders
  2 worms
  A dart slug (D:1)
  3 orcs (D:3)
  7 ball pythons
  9 endoplasms
  4 giant cockroaches
  9 goblins
  8 hobgoblins
  8 jackals
  3 bats
  2 frilled lizards
  8 kobolds
  11 rats
87 creatures vanquished.

Vanquished Creatures (others)
  A plant (D:3)
1 creature vanquished.

Grand Total: 88 creatures vanquished

Notes
Turn   | Place    | Note
-------+----------+-------------------------------------------
     0 | D:1      | PentaManta the Octopode Fighter began the quest for the
                  | Orb.
     0 | D:1      | Reached XP level 1. HP: 16/16 MP: 1/1
   269 | D:1      | Reached XP level 2. HP: 21/21 MP: 2/2
   422 | D:1      | Reached skill level 3 in Unarmed Combat
   665 | D:1      | Reached XP level 3. HP: 25/26 MP: 3/3
  1267 | D:2      | Reached skill level 4 in Unarmed Combat
  1277 | D:2      | Reached XP level 4. HP: 23/31 MP: 4/4
  1944 | D:3      | Found a faded altar of an unknown god.
  2133 | D:3      | Reached skill level 5 in Unarmed Combat
  2133 | D:3      | Reached XP level 5. HP: 26/36 MP: 5/5
  2789 | D:3      | Noticed Robin
  2808 | D:4      | Noticed an ogre
  3123 | D:3      | Killed Robin
  3375 | D:3      | Reached skill level 6 in Unarmed Combat
  3415 | D:3      | Noticed Ijyb
  3418 | D:3      | Killed from afar by Ijyb

Illustrated notes

Levels and vault maps discovered:
D:1:      tarquinn_simple_flora_water_e, layout_loops_ring
D:2:      layout_basic
D:3:      lemuel_castle_with_subvaults [lemuel_castle_interior_carwin_1],
          layout_basic, hellmonk_ecumenical_altar_heavens_door, uniq_robin,
          uniq_ijyb
D:4:      layout_cave_pools, minmay_temple_entry_steel_oval,
          gammafunk_ghost_arena

Skill      XL: |  1  2  3  4  5 |
---------------+----------------+-----
Unarmed Combat | 3 4 5 6 |  6.0
Fighting       | |  3.0
Dodging        | |  3.0
Shields        | |  3.0

Action                   |  1- 3 |  4- 6 || total
-------------------------+-------+-------++-------
Melee: Unarmed           |    74 |   101 ||   175
       Tentacles         |    13 |    18 ||    31
       Constrict         |    18 |    28 ||    46
       Punch             |     5 |     6 ||    11
Throw: Dart              |     2 |     5 ||     7
 Stab: Distracted        |     1 |       ||     1
       Sleeping          |     6 |     7 ||    13
Armor: Skin              |     4 |     3 ||     7
Dodge: Dodged            |    26 |    45 ||    71
Block: Buckler           |    10 |     7 ||    17
